 Dungeon Crawl Stone Soup version bcrawl-1.19.2-6-g6a88ae04c9 (webtiles) character file.

Game seed: 7880630979312505009

1008 Mrkan the Skirmisher (level 8, -1/71 HPs)
             Began as a Hill Orc Fighter on Dec 30, 2019.
             Was a Follower of Makhleb.
             Slain by an orc warrior
             ... wielding a +0 short sword
              (14 damage)
             ... on level 3 of the Dungeon.
             The game lasted 00:05:36 (3741 turns).

Mrkan the Skirmisher (Hill Orc Fighter)             Turns: 3741, Time: 00:05:37

Health: -1/71      AC: 17    Str: 19      XL:     8   Next: 20%
Magic:  11/11      EV:  4    Int:  8      God:    Makhleb [*.....]
Gold:   306        SH: 10    Dex: 10 (12) Spells: 7/7 levels left

rFire    . . .     SeeInvis .   z - +0 whip (flame)
rCold    . . .     Gourm    .   c - +0 shield
rNeg     . . .     Faith    .   n - +0 plate armour
rPois    .         Spirit   .   t - +0 helmet
rElec    .         Reflect  .   (no cloak)
rCorr    .         Harm     .   (no gloves)
MR       .....                  b - +2 pair of boots
Stlth    ..........             (no amulet)
HPRegen  0.21/turn              (no ring)
MPRegen  0.12/turn              (no ring)

@: no status effects
A: no striking features
a: Renounce Religion


You were on level 3 of the Dungeon.
You worshipped Makhleb.
Makhleb was aware of your devotion.
You were not hungry.

You visited 1 branch of the dungeon, and saw 5 of its levels.

You collected 306 gold pieces.

Inventory:

Hand Weapons
 a - a +0 war axe
 z - a +0 whip of flaming (weapon)
Armour
 b - a +2 pair of boots (worn)
 c - a +0 shield (worn)
 n - a +0 plate armour (worn)
 t - a +0 helmet (worn)
 C - a +0 pair of gloves
Jewellery
 e - an uncursed ring of stealth {unknown}
 o - a cursed ring of teleportation {unknown}
 p - an uncursed amulet of faith {unknown}
 s - an uncursed ring of magical power {unknown}
Wands
 y - a wand of polymorph (8)
Scrolls
 h - 3 scrolls of identify {unknown}
 i - a scroll of teleportation {unknown}
 m - a scroll of noise {unknown}
 q - a scroll of enchant armour {unknown}
 r - 2 scrolls of magic mapping {unknown}
 u - 4 scrolls of amnesia {unknown}
 B - a scroll of enchant weapon {unknown}
Potions
 d - 3 potions of might
 g - a potion of curing {unknown}
 j - a potion of mutation {unknown}
 k - a potion of ambrosia {unknown}
 l - 2 potions of heal wounds
 v - a potion of invisibility {unknown}
 x - a potion of lignification {unknown}
 A - 2 potions of resistance {unknown}
Comestibles
 f - 8 rations {!d}
 w - 2 chunks of flesh


   Skills:
 * Level 6.5 Fighting
   Level 6.5 Short Blades
   Level 6.5 Long Blades
   Level 6.5 Axes
   Level 6.5 Maces & Flails
   Level 6.5 Polearms
   Level 6.5 Staves
 + Level 5.6 Armour
 + Level 5.5 Shields
   Level 6.5 Unarmed Combat
 + Level 4.9 Invocations


You had 7 spell levels left.
You didn't know any spells.
Your spell library was empty.

Dungeon Overview and Level Annotations

Branches:
Dungeon (5/12)
 Temple: D:4-7

Altars:
Cheibriados
Makhleb
Ru
Uskayaw
Wu Jian

Annotations:
D:3 2 transporters, JackS81's ghost, amateur MiAc
D:4 2 transporters, Quickbrownfox's ghost, amateur DsCK


Message History

The quasit claws you.
You feel clumsy. You block the orc warrior's attack.
You closely miss the quasit.
The quasit is lightly wounded.
You block the quasit's attack.
The quasit claws you but does no damage.
You block the quasit's attack.
You hit the quasit.
The quasit is moderately wounded.
You block the quasit's attack. x2; The quasit barely misses you.
The orc warrior hits you with a +0 short sword!
* * * LOW HITPOINT WARNING * * *
You barely miss the quasit.
The quasit is moderately wounded.
The quasit bites you but does no damage.
You block the quasit's attack.
The quasit claws you but does no damage.
The orc warrior hits you with a +0 short sword!
You die...

........<...>#.....#.....###..#..
.............#########....###....
....[........# #.......##..
............## #.......###.
.....#......##########...........
###########...#.#.#.#.#..........
#...## #..................##..
###....####..#.......#......###.
#.......#####..@5)...........###
#.##.##...####.o.....#[).#.#..#.
#.##.####.##..........#..)))....
#.##.## #.##.#.......##..#)##...
#≈##..# #.............#..#)##...
#≈###.####.#.#.#.#.#.#..........
#≈###..#.................#......
#≈≈###.#.............##....#....
#≈≈# #.#.............#.....#.[..


You could see an orc warrior and a quasit.

Vanquished Creatures
  Pikel (D:4)
  An ogre (D:3)
  A scorpion (D:3)
  A howler monkey (D:4)
  A crimson imp (D:4)
  2 orc priests (D:3)
  A hound (D:3)
  An orc wizard (D:4)
  4 worker ants (D:4)
  Robin (D:3)
  4 adders (D:3)
  A gnoll (D:3)
  An ooze (D:2)
  2 worms
  2 dart slugs
  2 leopard geckos
  11 orcs
  A ball python (D:4)
  6 bats
  3 giant cockroaches
  14 goblins
  5 hobgoblins
  2 jackals (D:4)
  3 quokkas
  5 frilled lizards
  3 kobolds
  A quokka skeleton (D:3)
  3 rats
83 creatures vanquished.

Vanquished Creatures (others)
  A slave (D:4)
  An iguana (D:4)
  2 orcs (D:4)
4 creatures vanquished.

Grand Total: 87 creatures vanquished

Notes
Turn   | Place    | Note
-------+----------+-------------------------------------------
     0 | D:1      | Mrkan the Hill Orc Fighter began the quest for the Orb.
     0 | D:1      | Reached XP level 1. HP: 20/20 MP: 1/1
   361 | D:1      | Reached XP level 2. HP: 18/27 MP: 2/2
   738 | D:2      | Found a burning altar of Makhleb.
   754 | D:2      | Became a worshipper of Makhleb the Destroyer
   951 | D:2      | Reached XP level 3. HP: 34/34 MP: 3/3
  1358 | D:3      | Reached skill level 1 in Invocations
  1431 | D:3      | Reached XP level 4. HP: 26/41 MP: 4/4
  1444 | D:3      | Reached XP level 5. HP: 11/47 MP: 6/6
  1446 | D:3      | Noticed Robin
  1453 | D:3      | Reached * piety under Makhleb
  1455 | D:3      | Killed Robin
  1455 | D:3      | Reached skill level 5 in Fighting
  1702 | D:3      | Found an ornate altar of the Wu Jian Council.
  1711 | D:3      | Found a sacrificial altar of Ru.
  1757 | D:3      | Noticed a hungry ghost
  1760 | D:3      | Found a transporter.
  1763 | D:3      | Found a transporter.
  1769 | D:3      | Noticed JackS81's ghost (amateur MiAc)
  1786 | D:3      | Noticed a +0 hand axe
  1789 | D:3      | Found a hide-covered altar of Uskayaw.
  1789 | D:3      | Noticed a +0 hand axe
  2376 | D:4      | Reached XP level 6. HP: 54/56 MP: 6/8
  2392 | D:4      | Noticed a slave
  2392 | D:4      | Noticed a slave
  2393 | D:4      | Noticed a slave
  2393 | D:4      | Noticed Pikel
  2395 | D:4      | Noticed a slave
  2417 | D:4      | Killed Pikel
  2417 | D:4      | Reached skill level 6 in Fighting
  2417 | D:4      | Reached skill level 5 in Armour
  2417 | D:4      | Reached skill level 5 in Shields
  2417 | D:4      | Reached XP level 7. HP: 63/63 MP: 8/10
  3067 | D:4      | Reached XP level 8. HP: 46/70 MP: 11/11
  3202 | D:4      | Found a snail-covered altar of Cheibriados.
  3267 | D:4      | Found a transporter.
  3279 | D:4      | Noticed Quickbrownfox's ghost (amateur DsCK)
  3290 | D:4      | Found a transporter.
  3555 | D:5      | Entered Level 5 of the Dungeon
  3741 | D:3      | Slain by an orc warrior

Skill      XL: |  1  2  3  4  5  6 |
---------------+-------------------+-----
Invocations    | 1 2 4 |  4.9
Armour         | 4 5 |  5.6
Shields        | 4 5 |  5.5
Fighting       | 5 6 |  6.5
Short Blades   | |  6.5
Long Blades    | |  6.5
Axes           | |  6.5
Maces & Flails | |  6.5
Polearms       | |  6.5
Staves         | |  6.5
Unarmed Combat | |  6.5

Action                   |  1- 3 |  4- 6 |  7- 9 || total
-------------------------+-------+-------+-------++-------
Melee: War axe           |   105 |    88 |       ||   193
       Unarmed           |       |     4 |       ||     4
       Whip              |       |       |   311 ||   311
  Use: Potion            |       |     2 |       ||     2
  Eat: Chunk             |     2 |     3 |     5 ||    10
Armor: Scale mail        |    13 |       |       ||    13
       Plate armour      |    44 |    67 |   255 ||   366
       Skin              |       |     6 |       ||     6
Dodge: Dodged            |    21 |    11 |    55 ||    87
Block: Shield            |    66 |    58 |   171 ||   295
